 Dungeon Sprint DCSS version 0.17-a0-1262-gd250d98 (webtiles) character file.

53513 Kidiri the Tortoise (level 14, -16/98 HPs)
             Began as a Gargoyle Fighter on June 6, 2015.
             Was the Champion of Cheibriados.
             Killed by the air
             ... invoked by a titan
              (19 damage)
             ... in the Dungeon (Sprint V: "Ziggurat Sprint").
             The game lasted 00:25:20 (2862 turns).

Kidiri the Tortoise (Gargoyle Fighter)              Turns: 2862, Time: 00:25:20

Health: -16/98     AC: 51    Str: 56    XL:     14   Next: 68%
Magic:  9/24       EV:  5    Int: 20    God:    Cheibriados [******]
Gold:   0          SH: 40    Dex: 33    Spells: 0 memorised, 13 levels left

rFire  + + .     SeeInvis +     O - +2 morningstar of the Crypt {crush, rF++}
rCold  . . .     Clarity  .     l - +15 Maxwell's patent armour {-Cast -Tele rElec MR+ rCorr}
rNeg   + + .     SustAt   .     m - +18 shield of the gong {rElec rN+ MR+ EV-5}
rPois  ∞         Gourm    .     T - +2 helmet {SInv}
rElec  +         Spirit   .     E - +0 cloak
rCorr  +         Warding  .     K - +0 pair of gloves of the Morning Star {Regen+ Str+6 Dex+3}
rMut   .         NoTele   +     (no boots)
MR     ++...     NoCast   +     D - amulet of regeneration
Stlth  +++.......               A - ring "Zeot" {MR- Str+4 Int-4 Dex+4 Slay+5}
                                H - +6 ring of strength

@: studying Maces & Flails, very slow, very resistant to hostile enchantments,
fairly stealthy
A: big wings, agile 1, negative energy resistance 1, electricity resistance,
unbreathing, petrification resistance, rot immunity, AC +9
a: Fly, Bend Time, Temporal Distortion, Slouch, Step From Time, Renounce
Religion


You were in the Dungeon.
You worshipped Cheibriados.
Cheibriados was exalted by your worship.
You were not hungry.

You visited 1 branch

Inventory:

Hand weapons
 a - the +9 mace of the Orb {crush, MR+}
   (You took it off an iron imp in the Dungeon)

   It inflicts extra damage upon your enemies.
   It affects your resistance to hostile enchantments.
 O - the +2 morningstar of the Crypt (weapon) {crush, rF++}
   (You took it off a guardian mummy in the Dungeon)

   It inflicts extra damage upon your enemies.
   It greatly protects you from fire.
Armour
 c - a +2 pair of gloves of dexterity
 l - the +15 Maxwell's patent armour (worn) {-Cast -Tele rElec MR+ rCorr}
   (You found it in the Dungeon)

   It insulates you from electricity.
   It affects your resistance to hostile enchantments.
   It prevents spellcasting.
   It prevents most forms of teleportation.
   It protects you from acid and corrosion.
 m - the +18 shield of the gong (worn) {rElec rN+ MR+ EV-5}
   (You found it in the Dungeon)

   It affects your evasion (-5).
   It insulates you from electricity.
   It protects you from negative energy.
   It affects your resistance to hostile enchantments.
 E - a +0 cloak (worn)
 K - the +0 pair of gloves of the Morning Star (worn) {Regen+ Str+6 Dex+3}
   (You found it in the Dungeon)

   It affects your strength (+6).
   It affects your dexterity (+3).
   It increases your rate of regeneration.
 L - a +0 pair of gloves of dexterity
 T - a +2 helmet of see invisible (worn)
Rods
 M - a +8 rod of ignition (13/13)
   (You found it in the Dungeon)
 Q - a +2 rod of clouds (12/12)
   (You found it in the Dungeon)
 R - a +7 rod of clouds (10/10)
   (You found it in the Dungeon)
 U - a +6 rod of clouds (12/12)
   (You took it off an iron imp in the Dungeon)
 W - a +3 rod of the swarm (14/14)
   (You found it in the Dungeon)
Jewellery
 A - the ring "Zeot" (right hand) {MR- Str+4 Int-4 Dex+4 Slay+5}
   (You found it in the Dungeon)

   [ring of strength]

   It affects your strength (+4).
   It affects your intelligence (-4).
   It affects your dexterity (+4).
   It affects your accuracy and damage with ranged weapons and melee attacks
   (+5).
   It affects your resistance to hostile enchantments.
 D - an amulet of regeneration (around neck)
 F - an uncursed ring of protection from cold
 H - a +6 ring of strength (left hand)
 N - an uncursed ring of protection from magic
 P - the ring "Edidih" {Fire +Blink rN++ Int-5}
   (You found it in the Dungeon)

   [ring of fire]

   It enhances your fire magic, and weakens your ice magic.
   It affects your intelligence (-5).
   It protects you from fire.
   It makes you vulnerable to cold.
   It greatly protects you from negative energy.
   It lets you blink.
 S - the amulet of the Shining Light {Inacc rPois MP+9}
   (You found it in the Dungeon)

   [amulet of inaccuracy]

   It reduces the accuracy of all your attacks.
   It protects you from poison.
   It affects your magic capacity (+9).
Magical devices
 h - a wand of disintegration (7)
 j - a wand of fire (5)
 y - a wand of cold (5)
 C - a wand of draining (5)
Scrolls
 k - 4 scrolls of blinking
 p - 4 scrolls of amnesia
 q - 4 scrolls of recharging
 r - 7 scrolls of fog
 s - a scroll of holy word
 t - 5 scrolls of identify
 u - 4 scrolls of remove curse
 v - 2 scrolls of fear
 G - 4 scrolls of enchant weapon
 Y - 2 scrolls of brand weapon
Potions
 d - 6 potions of might
 f - 10 potions of curing
 g - 3 potions of heal wounds
 i - 4 potions of magic
 w - 2 potions of brilliance
 x - 2 potions of invisibility
 z - 4 potions of resistance
 B - 5 potions of agility
Books
 b - a manual of Maces & Flails
 I - a manual of Maces & Flails
Comestibles
 e - 5 bread rations
 n - 42 fruits
 o - 2 meat rations
 J - 9 royal jellies


   Skills:
 + Level 15.5 Fighting
 + Level 15.5 Maces & Flails
 * Level 20.9 Armour
 - Level 14.7 Stealth
 * Level 20.8 Shields
 - Level 13.6 Invocations
 - Level 10.8 Evocations


You had 13 spell levels left.
You didn't know any spells.

Dungeon Overview and Level Annotations

Branches:
Dungeon (1/1)

Altars:
Ashenzari
Cheibriados
Dithmenos
Elyvilon
Fedhas
Gozag
Kikubaaqudgha
Makhleb
Nemelex Xobeh
Okawaru
Qazlal
Ru
Sif Muna
Trog
Vehumet
Xom
Yredelemnul
Zin
The Shining One
Beogh
Jiyva
Lugonu


Innate Abilities, Weirdness & Mutations

You are resistant to torment.
Your stone body is resilient (AC +9).
You are immune to poison.
Your large and strong wings let you fly indefinitely.
You resist negative energy.
You are resistant to electric shocks.
You can survive without breathing.
You are immune to petrification.
You are immune to rotting.
You are agile. (Dex +2)


Message History

GONNNNG!
Drink which item? (? for menu, Esc to quit)
You feel much better.
The titan points at you and mumbles some strange words.
The bolt of lightning hits you! You resist.
* * * LOW HITPOINT WARNING * * *
You block the stone giant's attack.
SHROANNG!
The titan waves its arms in wide circles.
The air twists around and strikes you!
* * * LOW HITPOINT WARNING * * *
Use which ability? (? or * to list)
You step out of the flow of time.
You return to the normal time flow.
You feel somewhat more hungry.
The ettin shouts in stereo!
The hill giant shouts!
The hill giant shouts!
The titan shouts! x4
The frost giant shouts!
The titan waves its arms in wide circles.
The air twists around and strikes you!
You die...

▓...).[:.
..CC}::.|[)})..▓........
..:))["[}}|:"..▓........
......[:)......▓........
...............▓........
....C..........▓.....[))
....C........C.▓..▓..).)
.......C.....C.▓.▓▓▓..).
...C...@..C....▓..▓.....
.C.....(.....CC▓........
.C.....C.......▓........
.C.▓.......▓C..▓▓▓▓▓▓▓▓▓
...............▓.....8©8
....C..........▓.[:.})::
.C......C.....C▓..}}..}|
▓▓▓▓▓▓▓▓▓▓▓▓▓▓▓▓.......|
▓........


You could see 6 titans, a frost giant, 3 stone giants, 3 ettins, 4 hill giants
and 3 cyclopes.

Vanquished Creatures
  3 bone dragons (D)
  A tentacled starspawn (D)
  A draconian knight (D)
  A ghost moth (D)
  A draconian zealot (D)
  A reaper (D)
  2 draconian annihilators (D)
  2 black draconians (D)
  A green draconian (D)
  2 white draconians (D)
  2 red draconians (D)
  2 mummy priests (D)
  An entropy weaver (D)
  3 vampire magi (D)
  A deep elf knight (D)
  An orc high priest (D)
  3 thrashing horrors (D)
  2 wretched stars (D)
  A skeletal warrior (D)
  A deep elf summoner (D)
  An unseen horror (D)
  A hill giant (D)
  3 necromancers (D)
  An orb spider (D)
  6 wolf spiders (D)
  2 hornets (D)
  A black mamba (D)
  An apocalypse crab (D)
  2 eyes of devastation (D)
  A rust devil (D)
  A spiny frog (D)
  3 smoke demons (D)
  An orange demon (D)
  2 komodo dragons (D)
  A deep elf priest (D)
  An efreet (D)
  4 guardian mummies (D)
  2 demonic crawlers (D)
  An ancient zyme (D)
  2 jumping spiders (D)
  3 raiju (D)
  2 trapdoor spiders (D)
  2 blue devils (D)
  2 flying skulls (D)
  A redback (D)
  4 large abominations (D)
  2 spriggans (D)
  A wraith (D)
  2 ynoxinuls (D)
  2 tarantellas (D)
  4 shadows (D)
  A golden eye (D)
  A deep elf fighter (D)
  A neqoxec (D)
  3 wolves (D)
  2 porcupines (D)
  3 water moccasins (D)
  3 black bears (D)
  4 wasps (D)
  3 eyes of draining (D)
  3 phantoms (D)
  2 necrophages (D)
  2 crocodiles (D)
  A brain worm (D)
  A giant frog (D)
  A wight (D)
  6 quasits (D)
  A crimson imp (D)
  3 jellies (D)
  An orc priest (D)
  An orc wizard (D)
  5 small abominations (D)
  3 iguanas (D)
  A sheep (D)
  9 iron imps (D)
  3 mummies (D)
  2 river rats (D)
  5 shadow imps (D)
  8 white imps (D)
  2 ufetubi (D)
  A giant eyeball (D)
  2 adder zombies (D)
  An orc (D)
  2 bat skeletons (D)
  3 bat zombies (D)
  2 ball pythons (D)
  A quokka skeleton (D)
  2 fungi (D)
189 creatures vanquished.

Vanquished Creatures (others)
  A draconian scorcher (D)
  A purple draconian (D)
  A small abomination (D)
  2 starspawn tentacles (D)
  39 starspawn tentacle segments (D)
44 creatures vanquished.

Grand Total: 233 creatures vanquished

Notes
Turn   | Place    | Note
--------------------------------------------------------------
     0 | D        | Kidiri the Gargoyle Fighter began the quest for the Orb.
     0 | D        | Reached XP level 1. HP: 14/14 MP: 1/1
     6 | D        | Found a radiant altar of Vehumet.
     6 | D        | Found an iron altar of Okawaru.
     6 | D        | Found a shimmering altar of Xom.
    10 | D        | Found a burning altar of Makhleb.
    15 | D        | Found a deep blue altar of Sif Muna.
    20 | D        | Found a roughly hewn altar of Beogh.
    20 | D        | Found a viscous altar of Jiyva.
    20 | D        | Found a corrupted altar of Lugonu.
    20 | D        | Found a white marble altar of Elyvilon.
    20 | D        | Found a sparkling altar of Nemelex Xobeh.
    22 | D        | Found a bloodstained altar of Trog.
    80 | D        | Became a worshipper of Cheibriados the Contemplative
   113 | D        | Reached skill level 4 in Fighting
   113 | D        | Reached skill level 5 in Armour
   113 | D        | Reached skill level 5 in Shields
   113 | D        | Reached XP level 2. HP: 17/20 MP: 1/3
   163 | D        | Entered arena 1.
   174 | D        | Entered arena 2.
   174 | D        | Noticed an orc priest
   174 | D        | Noticed an orc wizard
   178 | D        | Killed an orc priest
   178 | D        | Acquired Cheibriados's first power
   178 | D        | Reached XP level 3. HP: 24/24 MP: 3/5
   189 | D        | Killed an orc wizard
   189 | D        | Reached skill level 6 in Armour
   189 | D        | Reached XP level 4. HP: 28/30 MP: 4/6
   206 | D        | Entered arena 3.
   206 | D        | Noticed a phantom
   206 | D        | Noticed a phantom
   206 | D        | Noticed a phantom
   206 | D        | Noticed a necrophage
   220 | D        | Killed a necrophage
   220 | D        | Reached skill level 5 in Fighting
   220 | D        | Reached skill level 7 in Armour
   220 | D        | Reached XP level 5. HP: 32/35 MP: 6/8
   232 | D        | Killed a phantom
   232 | D        | Reached skill level 5 in Stealth
   232 | D        | Reached XP level 6. HP: 33/41 MP: 7/9
   240 | D        | Killed a phantom
   240 | D        | Reached skill level 5 in Maces & Flails
   240 | D        | Reached skill level 8 in Armour
   240 | D        | Reached skill level 5 in Invocations
   257 | D        | Killed a phantom
   263 | D        | Got the ring "Zeot" {MR- Str+4 Int-4 Dex+4 Slay+5}
   310 | D        | Entered arena 4.
   310 | D        | Noticed an eye of draining
   310 | D        | Noticed a jelly
   310 | D        | Noticed a jelly
   310 | D        | Noticed a golden eye
   312 | D        | Killed a jelly
   312 | D        | Acquired Cheibriados's second power
   315 | D        | Killed a golden eye
   315 | D        | Reached skill level 9 in Armour
   315 | D        | Reached skill level 1 in Evocations
   315 | D        | Reached XP level 7. HP: 47/47 MP: 4/11
   319 | D        | Killed a jelly
   325 | D        | Killed an eye of draining
   405 | D        | Entered arena 5.
   405 | D        | Noticed a quasit
   405 | D        | Noticed a quasit
   409 | D        | Killed a quasit
   409 | D        | Acquired Cheibriados's third power
   415 | D        | Acquired Cheibriados's fourth power
   418 | D        | Killed a quasit
   469 | D        | Entered arena 6.
   469 | D        | Noticed a spriggan rider
   469 | D        | Noticed a wolf
   469 | D        | Noticed a spriggan rider
   469 | D        | Noticed a black bear
   469 | D        | Noticed a black bear
   469 | D        | Noticed a black bear
   471 | D        | Killed a black bear
   471 | D        | Reached skill level 10 in Armour
   471 | D        | Reached XP level 8. HP: 53/53 MP: 12/12
   473 | D        | Killed a wolf
   473 | D        | Reached skill level 10 in Shields
   475 | D        | Killed a black bear
   475 | D        | Killed a wasp
   477 | D        | Killed a black bear
   479 | D        | Killed a spriggan
   481 | D        | Killed a spriggan
   487 | D        | Killed a wasp
   487 | D        | Reached skill level 11 in Armour
   617 | D        | Entered arena 7.
   617 | D        | Noticed a jelly
   617 | D        | Noticed an eye of devastation
   617 | D        | Noticed an eye of draining
   617 | D        | Noticed an eye of draining
   617 | D        | Noticed an eye of devastation
   617 | D        | Paralysed by a giant eyeball for 3 turns
   620 | D        | Killed a jelly
   620 | D        | Reached XP level 9. HP: 59/59 MP: 9/14
   621 | D        | Paralysed by a giant eyeball for 3 turns
   628 | D        | Killed an eye of draining
   632 | D        | Killed an eye of draining
   633 | D        | Paralysed by a giant eyeball for 3 turns
   641 | D        | Killed an eye of devastation
   650 | D        | Killed an eye of devastation
   886 | D        | Entered arena 8.
   886 | D        | Noticed a deep elf knight
   886 | D        | Noticed a deep elf summoner
   886 | D        | Noticed an orc high priest
   886 | D        | Noticed a deep elf priest
   886 | D        | Noticed a deep elf fighter
   888 | D        | Killed a deep elf fighter
   888 | D        | Reached skill level 12 in Shields
   889 | D        | Killed a deep elf priest
   890 | D        | Killed an orc high priest
   890 | D        | Reached skill level 5 in Evocations
   890 | D        | Reached XP level 10. HP: 66/66 MP: 5/16
   890 | D        | Killed a deep elf summoner
   893 | D        | Killed a deep elf knight
   893 | D        | Reached skill level 13 in Armour
   985 | D        | Entered arena 9.
   985 | D        | Noticed a guardian mummy
   985 | D        | Noticed a guardian mummy
   985 | D        | Noticed a mummy priest
   985 | D        | Noticed a guardian mummy
   985 | D        | Noticed a mummy priest
   985 | D        | Noticed a guardian mummy
   992 | D        | Noticed a rust devil
   992 | D        | Killed a shadow wraith
   994 | D        | Killed a guardian mummy
   994 | D        | Reached skill level 10 in Stealth
   994 | D        | Killed a guardian mummy
   994 | D        | Killed a guardian mummy
   994 | D        | Killed a guardian mummy
   994 | D        | Reached skill level 10 in Fighting
   999 | D        | Killed a mummy priest
  1000 | D        | Noticed a rust devil
  1002 | D        | Killed a mummy priest
  1002 | D        | Reached XP level 11. HP: 25/73 MP: 13/18
  1012 | D        | Got the +2 morningstar of the Crypt {crush, rF++}
  1278 | D        | Got the ring "Foymun" {Wiz MP+9 Int+4}
  1293 | D        | Entered arena 10.
  1293 | D        | Noticed a water moccasin
  1293 | D        | Noticed a porcupine
  1293 | D        | Noticed an iguana
  1293 | D        | Noticed a komodo dragon
  1293 | D        | Noticed a giant frog
  1293 | D        | Noticed a wolf
  1293 | D        | Noticed a komodo dragon
  1293 | D        | Noticed an iguana
  1297 | D        | Killed a giant frog
  1299 | D        | Killed a wolf
  1303 | D        | Killed a water moccasin
  1303 | D        | Reached skill level 14 in Armour
  1303 | D        | Reached skill level 10 in Invocations
  1306 | D        | Killed a komodo dragon
  1307 | D        | Killed a komodo dragon
  1309 | D        | Killed an iguana
  1311 | D        | Killed an iguana
  1314 | D        | Killed a porcupine
  1390 | D        | Entered arena 11.
  1390 | D        | Noticed a bone dragon
  1390 | D        | Noticed a flying skull
  1390 | D        | Noticed a blue devil
  1390 | D        | Noticed a reaper
  1390 | D        | Noticed a blue devil
  1391 | D        | Noticed a rust devil
  1391 | D        | Noticed a shadow
  1391 | D        | Noticed a wraith
  1391 | D        | Noticed an iron imp
  1392 | D        | Killed a flying skull
  1397 | D        | Killed a shadow
  1397 | D        | Killed a wraith
  1397 | D        | Killed a blue devil
  1397 | D        | Killed an iron imp
  1398 | D        | Killed a rust devil
  1398 | D        | Killed a blue devil
  1403 | D        | Killed a bone dragon
  1403 | D        | Reached skill level 10 in Maces & Flails
  1403 | D        | Reached skill level 15 in Armour
  1403 | D        | Reached skill level 15 in Shields
  1407 | D        | Killed a reaper
  1416 | D        | Got the ring of the Rabble {-Tele rF+++ rC+ rN+ Stlth+}
  1421 | D        | Got the ring of Sunlight {Fire Dex+3}
  1719 | D        | Entered arena 12.
  1719 | D        | Noticed a porcupine
  1719 | D        | Noticed a crocodile
  1719 | D        | Noticed a wolf
  1719 | D        | Noticed a crocodile
  1719 | D        | Noticed a black mamba
  1720 | D        | Noticed a water moccasin
  1720 | D        | Noticed a water moccasin
  1720 | D        | Noticed an iguana
  1720 | D        | Noticed a spiny frog
  1722 | D        | Killed a black mamba
  1722 | D        | Reached XP level 12. HP: 80/80 MP: 20/20
  1727 | D        | Killed a water moccasin
  1729 | D        | Killed a water moccasin
  1732 | D        | Killed a spiny frog
  1733 | D        | Killed a porcupine
  1737 | D        | Killed an iguana
  1739 | D        | Killed a wolf
  1743 | D        | Killed a crocodile
  1749 | D        | Killed a crocodile
  1801 | D        | Got the +2 flail of Fymog {flame, Stlth+}
  1805 | D        | Entered arena 13.
  1805 | D        | Noticed a raiju
  1807 | D        | Noticed a thrashing horror
  1807 | D        | Noticed an efreet
  1807 | D        | Noticed a quasit
  1808 | D        | Noticed a smoke demon
  1808 | D        | Noticed an iron imp
  1808 | D        | Noticed a bone dragon
  1808 | D        | Noticed a smoke demon
  1808 | D        | Noticed a small abomination
  1811 | D        | Killed a quasit
  1812 | D        | Killed a small abomination
  1815 | D        | Killed a raiju
  1818 | D        | Killed an iron imp
  1820 | D        | Killed an efreet
  1825 | D        | Killed a smoke demon
  1830 | D        | Killed a thrashing horror
  1830 | D        | Killed a smoke demon
  1847 | D        | Killed a bone dragon
  1847 | D        | Reached skill level 16 in Armour
  1865 | D        | Got a faintly glowing plate armour
  1876 | D        | Identified the +0 plate armour of Vlad {+Fly rCorr Int-3} (You acquired it in the Dungeon)
  2027 | D        | Entered arena 14.
  2028 | D        | Noticed a purple draconian
  2028 | D        | Noticed a white draconian
  2028 | D        | Noticed a green draconian annihilator
  2028 | D        | Noticed a black draconian
  2028 | D        | Noticed a red draconian
  2028 | D        | Noticed a yellow draconian knight
  2029 | D        | Noticed a mottled draconian zealot
  2029 | D        | Noticed a black draconian
  2029 | D        | Noticed a red draconian
  2029 | D        | Noticed a white draconian
  2029 | D        | Noticed a red draconian scorcher
  2029 | D        | Noticed a yellow draconian annihilator
  2029 | D        | Noticed a green draconian
  2034 | D        | Killed a yellow draconian annihilator
  2034 | D        | Killed a green draconian annihilator
  2034 | D        | Killed a purple draconian
  2034 | D        | Killed a red draconian scorcher
  2036 | D        | Killed a red draconian
  2036 | D        | Reached skill level 17 in Armour
  2036 | D        | Reached XP level 13. HP: 40/87 MP: 22/22
  2036 | D        | Killed a black draconian
  2036 | D        | Killed a green draconian
  2036 | D        | Killed a mottled draconian zealot
  2036 | D        | Killed a black draconian
  2036 | D        | Reached skill level 10 in Evocations
  2036 | D        | Killed a red draconian
  2036 | D        | Killed a white draconian
  2037 | D        | Killed a white draconian
  2041 | D        | Killed a yellow draconian knight
  2041 | D        | Reached skill level 18 in Armour
  2277 | D        | Entered arena 15.
  2280 | D        | Noticed an iron imp
  2280 | D        | Noticed a thrashing horror
  2280 | D        | Noticed a small abomination
  2280 | D        | Noticed a bone dragon
  2280 | D        | Noticed an iron imp
  2280 | D        | Noticed a quasit
  2281 | D        | Noticed a ynoxinul
  2281 | D        | Noticed a tentacled starspawn
  2281 | D        | Noticed a ynoxinul
  2281 | D        | Noticed a flying skull
  2283 | D        | Killed a small abomination
  2287 | D        | Killed a flying skull
  2287 | D        | Killed a quasit
  2287 | D        | Killed a thrashing horror
  2287 | D        | Killed an iron imp
  2291 | D        | Killed a ynoxinul
  2291 | D        | Killed an iron imp
  2294 | D        | Killed a tentacled starspawn
  2296 | D        | Killed a ynoxinul
  2311 | D        | Killed a bone dragon
  2412 | D        | Entered arena 16.
  2415 | D        | Noticed a raiju
  2415 | D        | Noticed a shadow
  2415 | D        | Noticed an iron imp
  2415 | D        | Noticed a wretched star
  2416 | D        | Noticed a large abomination
  2416 | D        | Noticed a quasit
  2416 | D        | Noticed an iron imp
  2416 | D        | Noticed a raiju
  2416 | D        | Noticed an iron imp
  2417 | D        | Noticed a small abomination
  2417 | D        | Noticed a smoke demon
  2420 | D        | Killed an iron imp
  2420 | D        | Killed a quasit
  2420 | D        | Killed a small abomination
  2420 | D        | Killed an iron imp
  2420 | D        | Killed an iron imp
  2420 | D        | Killed a smoke demon
  2421 | D        | Killed a shadow
  2424 | D        | Killed a large abomination
  2426 | D        | Killed a raiju
  2432 | D        | Killed a wretched star
  2444 | D        | Killed a raiju
  2452 | D        | Got the +9 mace of the Orb {crush, MR+}
  2487 | D        | Entered arena 17.
  2487 | D        | Noticed a vampire mage
  2487 | D        | Noticed a vampire mage
  2488 | D        | Noticed a wight
  2491 | D        | Noticed a shadow
  2491 | D        | Noticed a necromancer
  2491 | D        | Killed a vampire mage
  2491 | D        | Reached skill level 19 in Armour
  2491 | D        | Gained mutation: Your large and strong wings let you fly indefinitely. [Gargoyle growth]
  2491 | D        | Reached XP level 14. HP: 90/96 MP: 24/24
  2492 | D        | Noticed a necromancer
  2492 | D        | Noticed a shadow
  2492 | D        | Noticed a necromancer
  2492 | D        | Noticed a vampire mage
  2493 | D        | Noticed a skeletal warrior
  2494 | D        | Noticed a necrophage
  2496 | D        | Killed a shadow
  2496 | D        | Killed a wight
  2496 | D        | Killed a shadow
  2496 | D        | Killed a necrophage
  2498 | D        | Killed a necromancer
  2499 | D        | Killed a skeletal warrior
  2502 | D        | Killed a necromancer
  2514 | D        | Killed a vampire mage
  2514 | D        | Killed a necromancer
  2523 | D        | Killed a vampire mage
  2598 | D        | Got the cursed +0 pair of gloves of the Morning Star {Regen+ Str+6 Dex+3}
  2622 | D        | Entered arena 18.
  2625 | D        | Noticed an iron imp
  2625 | D        | Noticed a wretched star
  2625 | D        | Noticed an ancient zyme
  2625 | D        | Noticed an iron imp
  2625 | D        | Noticed a brain worm
  2625 | D        | Noticed a large abomination
  2625 | D        | Noticed a crimson imp
  2625 | D        | Noticed an orange demon
  2626 | D        | Noticed a large abomination
  2626 | D        | Noticed a neqoxec
  2626 | D        | Noticed a small abomination
  2626 | D        | Noticed a thrashing horror
  2626 | D        | Noticed a quasit
  2626 | D        | Noticed an apocalypse crab
  2626 | D        | Noticed a small abomination
  2627 | D        | Noticed a large abomination
  2629 | D        | Killed a brain worm
  2630 | D        | Killed an unseen horror
  2630 | D        | Killed a thrashing horror
  2630 | D        | Killed a quasit
  2630 | D        | Killed a small abomination
  2630 | D        | Killed a small abomination
  2630 | D        | Killed a crimson imp
  2631 | D        | Killed a wretched star
  2632 | D        | Killed a large abomination
  2632 | D        | Killed an iron imp
  2632 | D        | Killed an iron imp
  2632 | D        | Killed a neqoxec
  2634 | D        | Killed an ancient zyme
  2635 | D        | Killed a large abomination
  2637 | D        | Killed a large abomination
  2638 | D        | Killed an apocalypse crab
  2641 | D        | Killed an orange demon
  2641 | D        | Reached skill level 20 in Armour
  2660 | D        | Got the ring "Edidih" {Fire +Blink rN++ Int-5}
  2682 | D        | Entered arena 19.
  2687 | D        | Noticed a wolf spider
  2687 | D        | Noticed a wasp
  2687 | D        | Noticed a wolf spider
  2687 | D        | Noticed a jumping spider
  2687 | D        | Noticed an entropy weaver
  2687 | D        | Noticed a wolf spider
  2687 | D        | Noticed an orb spider
  2687 | D        | Noticed a demonic crawler
  2687 | D        | Noticed a demonic crawler
  2688 | D        | Noticed a wolf spider
  2688 | D        | Noticed a trapdoor spider
  2688 | D        | Noticed a wasp
  2688 | D        | Noticed a hornet
  2688 | D        | Noticed a wolf spider
  2688 | D        | Noticed a tarantella
  2688 | D        | Noticed a tarantella
  2688 | D        | Noticed a jumping spider
  2688 | D        | Noticed a redback
  2688 | D        | Noticed a hornet
  2688 | D        | Noticed a wolf spider
  2693 | D        | Killed a jumping spider
  2693 | D        | Killed a jumping spider
  2693 | D        | Killed a trapdoor spider
  2693 | D        | Killed a tarantella
  2693 | D        | Killed a tarantella
  2693 | D        | Killed a wasp
  2693 | D        | Killed a wasp
  2693 | D        | Killed a redback
  2694 | D        | Killed a wolf spider
  2694 | D        | Killed a wolf spider
  2694 | D        | Reached skill level 15 in Fighting
  2694 | D        | Killed a demonic crawler
  2694 | D        | Killed a wolf spider
  2694 | D        | Killed a wolf spider
  2694 | D        | Killed a hornet
  2694 | D        | Killed a wolf spider
  2694 | D        | Killed a wolf spider
  2694 | D        | Reached skill level 15 in Maces & Flails
  2694 | D        | Killed a hornet
  2694 | D        | Killed an orb spider
  2694 | D        | Killed a trapdoor spider
  2697 | D        | Killed an entropy weaver
  2698 | D        | Killed a demonic crawler
  2704 | D        | Killed a ghost moth
  2708 | D        | Gained mutation: You are agile. (Dex +2) [mutagenic meat]
  2758 | D        | Got the amulet of the Shining Light {Inacc rPois MP+9}
  2851 | D        | Entered arena 20.
  2855 | D        | Noticed a cyclops
  2855 | D        | Noticed a cyclops
  2855 | D        | Noticed a hill giant
  2856 | D        | Noticed a hill giant
  2856 | D        | Noticed a titan
  2856 | D        | Noticed a stone giant
  2856 | D        | Noticed an ettin
  2856 | D        | Noticed a stone giant
  2856 | D        | Noticed a titan
  2856 | D        | Noticed an ettin
  2856 | D        | Noticed a stone giant
  2856 | D        | Noticed a titan
  2856 | D        | Noticed a hill giant
  2856 | D        | Noticed a frost giant
  2856 | D        | Noticed a hill giant
  2856 | D        | Noticed a titan
  2856 | D        | Noticed a titan
  2856 | D        | Noticed a hill giant
  2856 | D        | Noticed a frost giant
  2856 | D        | Noticed a frost giant
  2857 | D        | Noticed a titan
  2857 | D        | Noticed an ettin
  2857 | D        | Noticed an ettin
  2857 | D        | Noticed a cyclops
  2858 | D        | Noticed a hill giant
  2859 | D        | Killed a hill giant
  2860 | D        | HP: 4/98 [stone giant/large rock (15)]
  2862 | D        | Killed from afar by a titan

Vault maps used:
D:        sprint_v

Action                   |  1- 3 |  4- 6 |  7- 9 | 10-12 | 13-15 || total
-------------------------+-------+-------+-------+-------+-------++-------
Melee: Flail             |    14 |    50 |    61 |    30 |       ||   155
       Morningstar       |       |       |       |    84 |   102 ||   186
Invok: Slouch            |       |       |     4 |    14 |    10 ||    28
       Step From Time    |       |       |       |       |     1 ||     1
Evoke: Deck              |       |       |       |       |     2 ||     2
  Use: Potion            |     2 |       |     2 |     5 |     2 ||    11
       Scroll            |       |       |       |     1 |     3 ||     4
  Eat: Meat ration       |       |       |       |     1 |     1 ||     2
       Chunk             |       |       |       |       |     1 ||     1
